 Dungeon Crawl Stone Soup version 0.20.1-1-g8b1a95d (webtiles) character file.

47 dohliylev the Sneak (level 3, -4/25 HPs)
             Began as a Vampire Enchanter on July 15, 2017.
             Slain by a kobold
             ... wielding a +0 whip
              (7 damage)
             ... on level 2 of the Dungeon.
             The game lasted 00:04:21 (1576 turns).

dohliylev the Sneak (Vampire Enchanter)             Turns: 1576, Time: 00:04:22

Health: -4/25      AC:  2    Str:  7    XL:     3   Next: 48%
Magic:  1/6        EV: 12    Int: 18    God:
Gold:   88         SH:  0    Dex: 14    Spells: 3/6 levels left

rFire    . . .     SeeInvis +   a - +1 dagger
rCold    . . .     Gourm    .   (no shield)
rNeg     + . .     Faith    .   b - +0 robe
rPois    .         Spirit   .   (no helmet)
rElec    .         Reflect  .   (no cloak)
rCorr    .         Harm     .   (no gloves)
MR       .....     Rnd*Tele +   (no boots)
Stlth    ++........             n - amulet of magic regeneration
Regen    0.1/turn               r - ring of loudness (curse)
MPRegen  0.2/turn               j - ring of teleportation (curse)

@: lethally poisoned (-4 -> -8)
A: fangs 3, see invisible, unbreathing
a: Bat Form


You were on level 2 of the Dungeon.
You were not thirsty.

You visited 1 branch of the dungeon, and saw 2 of its levels.

You collected 88 gold pieces.

Inventory:

Hand Weapons
 a - a +1 dagger (weapon)
Armour
 b - a +0 robe (worn)
Jewellery
 f - an uncursed ring of poison resistance
 j - a cursed ring of teleportation (right hand)
 m - an uncursed amulet of rage
 n - an amulet of magic regeneration (around neck)
 r - a cursed ring of loudness (left hand)
Scrolls
 i - a scroll of blinking {unknown}
 k - 2 scrolls of identify {unknown}
 l - a scroll of teleportation {unknown}
 s - a scroll of remove curse {unknown}
Potions
 d - 3 potions of blood
 e - a potion of might {unknown}
 g - a potion of curing {unknown}
 h - a potion of agility {unknown}
 o - a potion of ambrosia {unknown}
 p - a potion of flight {unknown}
 q - a potion of mutation {unknown}
Books
 c - a book of Maledictions

   Spells                             Type                      Level
   a - Corona                         Hexes                        1
   b - Ensorcelled Hibernation        Hexes/Ice                    2
   c - Confuse                        Hexes                        3
   d - Tukima's Dance                 Hexes                        3
   e - Dazzling Spray                 Conjuration/Hexes            3


   Skills:
 - Level 0.8 Fighting
 + Level 2.3 Short Blades
 - Level 2.1 Dodging
 + Level 5.6 Stealth
 - Level 2.0 Spellcasting
 - Level 4.4 Hexes
 + Level 0.4 Ice Magic


You had 3 spell levels left.
You knew the following spells:

 Your Spells              Type           Power        Failure   Level  Hunger
a - Corona                Hex            ###....      3%          1    #......
b - Ensorcelled Hibernat  Hex/Ice        ##....       11%         2    ###....


Dungeon Overview and Level Annotations

Branches:
Dungeon (2/15)

Altars:
Cheibriados


Innate Abilities, Weirdness & Mutations

You have razor-sharp teeth.
You have supernaturally acute eyesight. (SInv)
You can survive without breathing.


Message History

The kobold resists with significant effort.
You feel sick. The kobold barely misses you.
Casting: Ensorcelled Hibernation
Confirm with . or Enter, or press ? or * to list all spells.
You don't have enough magic to cast that spell.
Unknown command.
Casting: Ensorcelled Hibernation
Confirm with . or Enter, or press ? or * to list all spells.
Aiming: Corona
Press: ? - help, Shift-Dir - straight line, f/p - kobold
Aim: a kobold, wielding a whip (chance to defeat MR: 71%)
The kobold is outlined in light.
The kobold hits you with a whip.
* * * LOW HITPOINT WARNING * * *
Yummy - fresh blood!
The kobold hits you with a whip.
* * * LOW HITPOINT WARNING * * *
Yummy - fresh blood!
* * * LOW HITPOINT WARNING * * *
You feel sick. The kobold closely misses you.
Yummy - fresh blood!
The kobold hits you with a whip!
You die...

# ####### #.
....... #.##
....... ... .......
# #.#.......
.###.#..#####..
+..................
#........##(#######
#........##@.#
#........###K#
#........# ..#
#........# #.#
#........# ..
#.....รท..# #.#
#........#####.#
#...............
..>.....
####.#'#######
...)...


You could see a kobold.

Vanquished Creatures
  An adder (D:2)
  2 dart slugs
  A leopard gecko (D:1)
  A ball python (D:2)
  3 giant cockroaches (D:1)
  3 goblins (D:1)
  3 hobgoblins (D:1)
  4 jackals (D:2)
  A quokka (D:2)
  4 bats (D:1)
  A frilled lizard (D:2)
  2 kobolds (D:1)
  2 rats (D:1)
28 creatures vanquished.

Notes
Turn   | Place    | Note
-------+----------+-------------------------------------------
     0 | D:1      | dohliylev the Vampire Enchanter began the quest for the Orb.
     0 | D:1      | Reached XP level 1. HP: 13/13 MP: 3/3
   434 | D:1      | Reached XP level 2. HP: 20/20 MP: 5/5
   438 | D:1      | Learned a level 2 spell: Ensorcelled Hibernation
   507 | D:1      | Reached skill level 5 in Stealth
  1407 | D:2      | Reached XP level 3. HP: 25/25 MP: 1/6
  1512 | D:2      | Found a snail-covered altar of Cheibriados.
  1576 | D:2      | Slain by a kobold

Skill      XL: |  1  2  3 |
---------------+----------+-----
Stealth        | 5 |  5.6
Short Blades   | 2 |  2.3
Fighting       | |  0.8
Dodging        | |  2.1
Spellcasting   | |  2.0
Hexes          | |  4.4
Ice Magic      | |  0.4

Action                   || total
-------------------------++-------
Melee: Dagger            ||   117
       Bite              ||     8
 Cast: Corona            ||     4
       Ensorcelled Hiber ||    15
  Use: Potion            ||     5
 Stab: Sleeping          ||    11
Armor: Robe              ||    29
Dodge: Dodged            ||    73
